 Dungeon Crawl Stone Soup version 0.31-a0-507-gbafd7f5274 (webtiles) character file.

Game seed: 11243192974761727511

308 Mickster the Chopper (level 6, -2/53 HPs)
             Began as a Hill Orc Berserker on Aug 9, 2023.
             Was a Believer of Trog.
             Slain by an orc warrior
             ... wielding a +0 war axe
              (8 damage)
             ... on level 4 of the Dungeon on Aug 10, 2023.
             The game lasted 00:18:03 (1851 turns).

Mickster the Chopper (Hill Orc Berserker)           Turns: 1851, Time: 00:18:04

Health: -2/53      AC:  6    Str: 22    XL:     6   Next: 40%
Magic:  6/6        EV: 10    Int:  7    God:    Trog [**....]
Gold:   117        SH:  0    Dex: 10    Spells: 5/5 levels left

rFire   . . .        a - +0 hand axe
rCold   + . .        (no shield)
rNeg    . . .        c - +0 scale mail
rPois   .            (no helmet)
rElec   .            (no cloak)
rCorr   .            (no gloves)
SInv    .            (no boots)
Will    ++...        (no amulet) Stlth
                     g - ring of protection from cold
HPRegen 1.28/turn    (no ring)
MPRegen 0.10/turn

%: no passive effects
@: lethally poisoned (-2 -> -2), strong-willed (expiring), on berserk cooldown,
regenerating (expiring), slowed, very slow
A: no striking features
a: Renounce Religion, Berserk, Trog's Hand


You were on level 4 of the Dungeon.
You worshipped Trog.
Trog was pleased with you.
You visited 1 branch of the dungeon, and saw 4 of its levels.

You collected 117 gold pieces.

Inventory:

Hand Weapons
 a - a +0 hand axe (weapon)
Missiles
 e - 23 stones
 i - a poisoned dart
 m - 3 boomerangs
 o - 10 javelins (quivered)
Armour
 b - a +0 animal skin
 c - a +0 scale mail (worn)
Jewellery
 g - a ring of protection from cold (left hand)
Scrolls
 k - a scroll of teleportation
 p - a scroll of amnesia
Potions
 d - a potion of magic {unknown}
 f - a potion of haste {unknown}
 j - a potion of might {unknown}
 l - a potion of curing {unknown}
 n - a potion of cancellation {unknown}


   Skills:
 + Level 4.6 Fighting
 * Level 7.9 Axes
 + Level 3.0 Armour
 + Level 2.0 Dodging
 + Level 0.1 Stealth


You had 5 spell levels left.
You didn't know any spells.
Your spell library was empty.

Dungeon Overview and Level Annotations

Branches:
Dungeon (4/15)
 Temple: D:4-7

Altars:

Shops:
D:2 [


Message History

You are more poisoned.
The killer bee poisons you!
You miss the killer bee.
The killer bee is severely wounded.
You hit something.
You feel very sick.
The killer bee stings you but does no damage. x2
Something hits you but does no damage. The killer bee barely misses you.
Something hits you.
* * * LOW HITPOINT WARNING * * *
You miss the killer bee.
The killer bee is severely wounded.
You hit something.
You feel the effects of Trog's Hand fading.
You feel very sick. The killer bee closely misses you.
The killer bee stings you but does no damage.
Something hits you.
* * * LOW HITPOINT WARNING * * *
The killer bee barely misses you.
You slash the killer bee!
You kill the killer bee!
Trog accepts your kill.
You closely miss something.
You feel very sick. Something hits you but does no damage.
You hit the orc warrior.
The orc warrior is lightly wounded.
You miss something.
You feel sick.
A bullfrog comes into view.
The orc warrior hits you but does no damage.
Something hits you but does no damage. x2
The orc warrior hits you with a +0 war axe.
* * * LOW HITPOINT WARNING * * *
You closely miss the orc warrior.
The orc warrior is lightly wounded.
The bullfrog gives a loud, deep croak!
You hit something but do no damage.
You feel sick.
The orc warrior hits you with a +0 war axe!
You die...

..........<.......
..............##..
............#.###
#......##.......#
.....>..........#
#...............#
#.............))##
#......###....!).###..##
#####.## #......@of.F...
#.# .........{g...#.
....##......##....#
##### ######## #....#
..... .... ####


You could see an orc warrior, a sleepcap, a bullfrog and a hobgoblin.

Vanquished Creatures
  Sigmund (D:2)
  A killer bee (D:4)
  3 adders
  An ufetubus (D:4)
  A dart slug (D:4)
  6 orcs
  5 ball pythons
  7 endoplasms
  2 giant cockroaches
  5 goblins
  7 hobgoblins
  4 kobolds
  2 quokkas
  3 bats
  5 frilled lizards
  5 rats
58 creatures vanquished.

Notes
Turn   | Place    | Note
-------+----------+-------------------------------------------
     0 | D:1      | Mickster the Hill Orc Berserker began the quest for the
                  | Orb.
     0 | D:1      | Reached XP level 1. HP: 19/19 MP: 1/1
   163 | D:1      | Reached XP level 2. HP: 10/27 MP: 2/2
   522 | D:2      | Found Hireipae's Armour Boutique.
   776 | D:2      | Reached XP level 3. HP: 33/33 MP: 3/3
   779 | D:2      | Reached skill level 5 in Axes
   895 | D:2      | Noticed Sigmund
   907 | D:2      | Killed Sigmund
   908 | D:2      | Reached skill level 6 in Axes
   908 | D:2      | Reached XP level 4. HP: 41/41 MP: 4/4
   908 | D:2      | Reached XP level 5. HP: 47/47 MP: 5/5
   983 | D:2      | Reached skill level 7 in Axes
   996 | D:2      | Reached ** piety under Trog
  1043 | D:2      | Found a faded altar of an unknown god.
  1489 | D:3      | Reached XP level 6. HP: 52/53 MP: 6/6
  1839 | D:4      | Noticed an orc warrior
  1851 | D:4      | Slain by an orc warrior

Illustrated notes

Levels and vault maps discovered:
D:1:      eino_arrival_water_cross, layout_loops_ring
D:2:      layout_basic, serial_shops, shop_fountains,
          dreamdust_ecumenical_altar_statues, hangedman_decor_clover_reticule,
          minmay_close_crescents, uniq_sigmund
D:3:      layout_basic
D:4:      layout_rooms, minmay_manual_mess

Skill      XL: |  1  2  3  4  5  6 |
---------------+-------------------+-----
Fighting       | 4 |  4.6
Axes           | 6 7 |  7.9
Dodging        | 2 |  2.0
Armour         | 3 |  3.0
Stealth        | |  0.1

Action                     |  1- 3 |  4- 6 || total
---------------------------+-------+-------++-------
  Melee: Hand axe          |    79 |    88 ||   167
         Punch             |     1 |     1 ||     2
  Throw: Dart              |       |     2 ||     2
 Invoke: Berserk           |     2 |     2 ||     4
         Trog's Hand       |       |     1 ||     1
    Use: Scroll            |     1 |     3 ||     4
 Armour: Animal skin       |     6 |       ||     6
         Scale mail        |    20 |    49 ||    69
  Dodge: Dodged            |    47 |    58 ||   105

Table legend: (Time is in decaauts)
 A = Elapsed time spent in this place.
 B = Non-inter-level travel time spent in this place.
 C = Inter-level travel time spent in this place.
 D = Time resting spent in this place.
 E = Time spent auto-exploring this place.
 F = Levels seen in this place.
 G = Mean time per level.
                   A        B        C        D        E       F      G
               +--------+--------+--------+--------+--------+-----+--------+
         Total |   1875 |   1840 |     35 |     36 |      0 |   4 |  468.8 |
       Dungeon |   1875 |   1840 |     35 |     36 |      0 |   4 |  468.8 |
               +--------+--------+--------+--------+--------+-----+--------+

Top non-repeatable levels by time:
     D:2: 906 daAuts
     D:1: 503 daAuts
     D:3: 314 daAuts
     D:4: 149 daAuts
